PAA
RENO SILVER SOX @ SPRINGFIELD SHOOTERS
07/21/2034
 
TOP OF THE 1ST
Reno Silver Sox batting - Pitching for Springfield Shooters : LHP Georgy Gilyazitdinov
Pitching: LHP Georgy Gilyazitdinov
Batting: RHB Spartak Gonjarov 0-0: Ball
1-0: Called Strike
1-1: Foul Ball, location: 2F
1-2: Ball
2-2: Foul Ball, location: 2F
2-2: Ground out U3 (Groundball, 34)
Batting: RHB Carlos González 0-0: Called Strike
0-1: Fly out, F9 (Flyball, 9S)
Batting: RHB Rob Brooks 0-0: Called Strike
0-1: Ball
1-1: Swinging Strike
1-2: Ball
2-2: Ball
3-2: Fly out, F8 (Flyball, 8RXD)
Top of the 1st over - 0 runs, 0 hits, 0 errors, 0 left on base; Reno 0 - Springfield 0
BOTTOM OF THE 1ST
Springfield Shooters batting - Pitching for Reno Silver Sox : LHP Dan Fletcher
Pitching: LHP Dan Fletcher
Batting: RHB Mei Kim 0-0: Called Strike
0-1: DOUBLE (Line Drive, 9LM)
Batting: RHB Gianni Martin 0-0: Fly out, F7 (Line Drive, 7LM)
Lined into DP, 7-4 (Line Drive, 7LM)
Batting: RHB Karl Wade 0-0: Ball
1-0: Ground out 4-3 (Groundball, 4S)
Bottom of the 1st over - 0 runs, 1 hit, 0 errors, 0 left on base; Reno 0 - Springfield 0
TOP OF THE 2ND
Reno Silver Sox batting - Pitching for Springfield Shooters : LHP Georgy Gilyazitdinov
Batting: RHB Armando Romero 0-0: Ground out 4-3 (Groundball, 4S)
Batting: RHB Roy Burns 0-0: Fly out, F7 (Line Drive, 7D)
Batting: RHB Juan Laguna 0-0: Called Strike
0-1: Ball
1-1: Ball
2-1: Ball
3-1: TRIPLE (Line Drive, 78XD)
Batting: RHB Jean Lechuga 0-0: Foul Ball, location: 2F
0-1: Ground out 6-3 (Groundball, 6M)
Top of the 2nd over - 0 runs, 1 hit, 0 errors, 1 left on base; Reno 0 - Springfield 0
BOTTOM OF THE 2ND
Springfield Shooters batting - Pitching for Reno Silver Sox : LHP Dan Fletcher
Batting: RHB Fook Zhŕo 0-0: Called Strike
0-1: Ball
1-1: Fly out, F9 (Flyball, 9LD)
Batting: LHB Jared Swanson 0-0: Ball
1-0: Foul Ball, location: 2F
1-1: Ground out U3 (Groundball, 34)
Batting: RHB Daniel Carr 0-0: Ball
1-0: Ground out 5-3 (Groundball, 56)
Bottom of the 2nd over - 0 runs, 0 hits, 0 errors, 0 left on base; Reno 0 - Springfield 0
TOP OF THE 3RD
Reno Silver Sox batting - Pitching for Springfield Shooters : LHP Georgy Gilyazitdinov
Batting: RHB Bartolo Hernández 0-0: Ball
1-0: Ball
2-0: Foul Ball, location: 2F
2-1: Foul Ball, location: 2F
2-2: Strikes out swinging
Batting: LHB Luis Aranda 0-0: Called Strike
0-1: Ball
1-1: Ball
2-1: SINGLE (Groundball, 3D)
Batting: RHB Spartak Gonjarov 0-0: Grounds into double play, 4-6-3 (Groundball, 34)
Top of the 3rd over - 0 runs, 1 hit, 0 errors, 0 left on base; Reno 0 - Springfield 0
BOTTOM OF THE 3RD
Springfield Shooters batting - Pitching for Reno Silver Sox : LHP Dan Fletcher
Batting: RHB Telman Gadzhiyev 0-0: Ball
1-0: Ball
2-0: Called Strike
2-1: Ball
3-1: SINGLE (Flyball, 9S)
Batting: RHB Ernesto Amézaga 0-0: Called Strike
0-1: Foul Ball, location: 2F
0-2: Ball
1-2: Strikes out swinging
Batting: RHB Júlio Barajas 0-0: Called Strike
0-1: Fly out, F4 (Popup, 3D)
Batting: RHB Mei Kim 0-0: Ball
1-0: Called Strike
1-1: Swinging Strike
1-2: Foul Ball, location: 2F
1-2: Ball
2-2: Foul Ball, location: 2F
2-2: Foul Ball, location: 2F
2-2: SINGLE (Flyball, 78S)
Telman Gadzhiyev to second
Batting: RHB Gianni Martin 0-0: Ball
1-0: Ball
2-0: Ball
3-0: Called Strike
3-1: Base on Balls
Telman Gadzhiyev to third
Mei Kim to second
Batting: RHB Karl Wade 0-0: Ball
1-0: Ball
2-0: Foul Ball, location: 2F
2-1: Ball
3-1: Fly out, F9 (Flyball, 9LDF)
Bottom of the 3rd over - 0 runs, 2 hits, 0 errors, 3 left on base; Reno 0 - Springfield 0
TOP OF THE 4TH
Reno Silver Sox batting - Pitching for Springfield Shooters : LHP Georgy Gilyazitdinov
Batting: RHB Carlos González 0-0: Ball
1-0: Ball
2-0: SINGLE (Groundball, 6) (infield hit)
Batting: RHB Rob Brooks 0-0: Ball
1-0: SINGLE (Groundball, 6MD)
Carlos González to second
Runner from 2nd tries for 3rd, SAFE, no throw
Batting: RHB Armando Romero 0-0: Foul Ball, location: 2F
0-1: Called Strike
Rob Brooks steals 2nd base
0-2: Ball
1-2: 3-RUN HOME RUN (Line Drive, 78XD), Distance : 407 ft
Batting: RHB Roy Burns 0-0: Called Strike
0-1: Foul Ball, location: 2F
0-2: Ball
1-2: Foul Ball, location: 2F
1-2: Foul Ball, location: 2F
1-2: Ground out 5-3 (Groundball, 56)
Batting: RHB Juan Laguna 0-0: Ball
1-0: Swinging Strike
1-1: Swinging Strike
1-2: Strikes out swinging
Batting: RHB Jean Lechuga 0-0: Called Strike
0-1: Fly out, F8 (Flyball, 78D)
Top of the 4th over - 3 runs, 3 hits, 0 errors, 0 left on base; Reno 3 - Springfield 0
BOTTOM OF THE 4TH
Springfield Shooters batting - Pitching for Reno Silver Sox : LHP Dan Fletcher
Batting: RHB Fook Zhŕo 0-0: Foul Ball, location: 2F
0-1: Called Strike
0-2: Foul Ball, location: 2F
0-2: Ball
1-2: Foul Ball, location: 2F
1-2: Foul Ball, location: 2F
1-2: SINGLE (Groundball, 56D)
Batting: LHB Jared Swanson 0-0: Ball
1-0: Called Strike
1-1: Ball
Pickoff Throw to First - Out!
2-1: SINGLE (Groundball, 4D)
Batting: RHB Daniel Carr 0-0: Ball
Jared Swanson is caught stealing 2nd base
1-0: Called Strike
1-1: Ball
2-1: Swinging Strike
2-2: Fly out, F9 (Flyball, 9D)
Bottom of the 4th over - 0 runs, 2 hits, 0 errors, 0 left on base; Reno 3 - Springfield 0
TOP OF THE 5TH
Reno Silver Sox batting - Pitching for Springfield Shooters : LHP Georgy Gilyazitdinov
Batting: RHB Bartolo Hernández 0-0: Called Strike
0-1: Swinging Strike
0-2: Ball
1-2: Foul Ball, location: 2F
1-2: Foul Ball, location: 2F
1-2: Strikes out looking
Batting: LHB Luis Aranda 0-0: Foul Ball, location: 2F
0-1: Ground out 5-3 (Groundball, 56)
Batting: RHB Spartak Gonjarov 0-0: Called Strike
0-1: Swinging Strike
0-2: Foul Ball, location: 2F
0-2: Foul Ball, location: 2F
0-2: Strikes out looking
Top of the 5th over - 0 runs, 0 hits, 0 errors, 0 left on base; Reno 3 - Springfield 0
BOTTOM OF THE 5TH
Springfield Shooters batting - Pitching for Reno Silver Sox : LHP Dan Fletcher
Batting: RHB Telman Gadzhiyev 0-0: Called Strike
0-1: DOUBLE (Line Drive, 7LS)
Batting: RHB Ernesto Amézaga 0-0: Ball
1-0: Ball
2-0: Called Strike
2-1: Fly out, F2 (Popup, 15S)
Batting: RHB Júlio Barajas 0-0: Ball
1-0: Ball
2-0: Foul Ball, location: 2F
2-1: Ground out 6-3 (Groundball, 6)
Batting: RHB Mei Kim 0-0: Ground out 6-3 (Groundball, 6)
Bottom of the 5th over - 0 runs, 1 hit, 0 errors, 1 left on base; Reno 3 - Springfield 0
TOP OF THE 6TH
Reno Silver Sox batting - Pitching for Springfield Shooters : LHP Georgy Gilyazitdinov
Batting: RHB Carlos González 0-0: Ground out 6-3 (Groundball, 6)
Batting: RHB Rob Brooks 0-0: Fly out, F8 (Flyball, 89D)
Batting: RHB Armando Romero 0-0: Ball
1-0: Swinging Strike
1-1: Ball
2-1: Foul Ball, location: 2F
2-2: Ball
3-2: DOUBLE (Flyball, 89D)
Batting: RHB Roy Burns 0-0: Foul Ball, location: 2F
0-1: Ball
1-1: Ball
2-1: Ball
3-1: Base on Balls
Batting: RHB Juan Laguna 0-0: Called Strike
0-1: Ball
1-1: Ball
2-1: Foul Ball, location: 2F
2-2: Strikes out looking
Top of the 6th over - 0 runs, 1 hit, 0 errors, 2 left on base; Reno 3 - Springfield 0
BOTTOM OF THE 6TH
Springfield Shooters batting - Pitching for Reno Silver Sox : LHP Dan Fletcher
Batting: RHB Gianni Martin 0-0: Swinging Strike
0-1: Fly out, F9 (Line Drive, 9S)
Batting: RHB Karl Wade 0-0: Called Strike
0-1: Ball
1-1: Ball
2-1: Ball
3-1: SINGLE (Line Drive, 8LS)
Batting: RHB Fook Zhŕo 0-0: Ball
1-0: Ball
2-0: Ball
3-0: Called Strike
3-1: Base on Balls
Karl Wade to second
Batting: LHB Jared Swanson 0-0: Ball
1-0: Ball
2-0: Called Strike
2-1: Foul Ball, location: 2F
2-2: Fly out, F8 (Flyball, 8LS)
Batting: RHB Daniel Carr 0-0: Called Strike
0-1: Called Strike
0-2: SINGLE (Groundball, 4MD)
Karl Wade to third
Fook Zhŕo to second
Runner from 3rd tries for Home, SAFE, no throw
Batting: RHB Telman Gadzhiyev 0-0: Fly out, F7 (Line Drive, 7D)
Bottom of the 6th over - 1 run, 2 hits, 0 errors, 2 left on base; Reno 3 - Springfield 1
TOP OF THE 7TH
Reno Silver Sox batting - Pitching for Springfield Shooters : LHP Georgy Gilyazitdinov
Batting: RHB Jean Lechuga 0-0: Foul Ball, location: 2F
0-1: Foul Ball, location: 2F
0-2: Foul Ball, location: 2F
0-2: Ball
1-2: Ball
2-2: Ball
3-2: Strikes out swinging
Pitching: RHP Franklin Camarena
Batting: RHB Bartolo Hernández 0-0: Called Strike
0-1: Swinging Strike
0-2: Ball
1-2: Ball
2-2: Foul Ball, location: 2F
2-2: SINGLE (Line Drive, 4MD)
Batting: LHB Luis Aranda 0-0: Called Strike
0-1: Fielders Choice at 2nd, 5-4 (Groundball, 56)
Batting: RHB Spartak Gonjarov 0-0: Called Strike
Luis Aranda steals 2nd base
0-1: Ball
1-1: Foul Ball, location: 2F
1-2: Fly out, F8 (Flyball, 8LXD)
Top of the 7th over - 0 runs, 1 hit, 0 errors, 1 left on base; Reno 3 - Springfield 1
BOTTOM OF THE 7TH
Springfield Shooters batting - Pitching for Reno Silver Sox : LHP Dan Fletcher
Batting: RHB Ernesto Amézaga 0-0: Ball
1-0: Foul Ball, location: 2F
1-1: Ball
2-1: Ball
3-1: Foul Ball, location: 2F
3-2: SINGLE (Groundball, 6MD)
Batting: RHB Júlio Barajas 0-0: Ball
1-0: Called Strike
1-1: Ball
2-1: Ball
3-1: Called Strike
3-2: Base on Balls
Ernesto Amézaga to second
Batting: RHB Mei Kim 0-0: Sac Bunt - play at first, batter OUT! 2-3
Ernesto Amézaga to third
Júlio Barajas to second
Batting: RHB Gianni Martin 0-0: Foul Ball, location: 2F
0-1: Fly out, F4 (Line Drive, 4)
Batting: RHB Karl Wade 0-0: Called Strike
0-1: Ball
1-1: Ball
2-1: DOUBLE (Line Drive, 9LS)
Ernesto Amézaga scores
Júlio Barajas scores
Pitching: RHP Herman Guevera
Batting: RHB Fook Zhŕo 0-0: Ball
1-0: Ground out 6-3 (Groundball, 6)
Bottom of the 7th over - 2 runs, 2 hits, 0 errors, 1 left on base; Reno 3 - Springfield 3
TOP OF THE 8TH
Reno Silver Sox batting - Pitching for Springfield Shooters : RHP Franklin Camarena
Batting: RHB Carlos González 0-0: Fly out, F9 (Flyball, 89M)
Batting: RHB Rob Brooks 0-0: Ground out 6-3 (Groundball, 6)
Batting: RHB Armando Romero 0-0: Called Strike
0-1: Foul Ball, location: 2F
0-2: Strikes out looking
Top of the 8th over - 0 runs, 0 hits, 0 errors, 0 left on base; Reno 3 - Springfield 3
BOTTOM OF THE 8TH
Springfield Shooters batting - Pitching for Reno Silver Sox : RHP Herman Guevera
Batting: LHB Jared Swanson 0-0: Called Strike
0-1: Foul Ball, location: 2F
0-2: Ground out 6-3 (Groundball, 6M)
Batting: RHB Daniel Carr 0-0: Called Strike
0-1: Ball
1-1: Called Strike
1-2: Strikes out looking
Batting: RHB Telman Gadzhiyev 0-0: Ball
1-0: Called Strike
1-1: SINGLE (Line Drive, 6MD)
Pinch Runner at 1st Andre González:
Pinch Hitting: LHB Armando Rodríguez 0-0: Ball
Andre González is caught stealing 2nd base
Bottom of the 8th over - 0 runs, 1 hit, 0 errors, 0 left on base; Reno 3 - Springfield 3
TOP OF THE 9TH
Reno Silver Sox batting - Pitching for Springfield Shooters : RHP Franklin Camarena
Pitching: RHP Ron Mingo
Now at SS: Andre González
Now in LF: Armando Rodríguez
Batting: RHB Roy Burns 0-0: Foul Ball, location: 2F
0-1: Ball
1-1: Ball
2-1: Ball
3-1: Foul Ball, location: 2F
3-2: Foul Ball, location: 2F
3-2: Base on Balls
Batting: RHB Juan Laguna 0-0: Ball
1-0: Called Strike
1-1: Ball
2-1: 2-RUN HOME RUN (Flyball, 7D), Distance : 381 ft
Batting: RHB Jean Lechuga 0-0: Called Strike
0-1: Swinging Strike
0-2: Strikes out swinging
Batting: RHB Bartolo Hernández 0-0: Called Strike
0-1: Ball
1-1: Foul Ball, location: 2F
1-2: Foul Ball, location: 2F
1-2: Ball
2-2: Strikes out looking
Batting: LHB Luis Aranda 0-0: Ball
1-0: Foul Ball, location: 2F
1-1: Foul Ball, location: 2F
1-2: Fly out, F9 (Flyball, 89D)
Top of the 9th over - 2 runs, 1 hit, 0 errors, 0 left on base; Reno 5 - Springfield 3
BOTTOM OF THE 9TH
Springfield Shooters batting - Pitching for Reno Silver Sox : RHP Herman Guevera
Pitching: RHP Hans Rager
Batting: LHB Armando Rodríguez 0-0: Foul Ball, location: 2F
0-1: Ball
1-1: Ball
2-1: Ground out 4-3 (Groundball, 4)
Batting: RHB Júlio Barajas 0-0: Ball
1-0: Called Strike
1-1: Ball
2-1: Foul Ball, location: 2F
2-2: Ground out 3-1 (Groundball, 34)
Batting: RHB Mei Kim 0-0: Ball
1-0: Foul Ball, location: 2F
1-1: Ball
2-1: Fly out, F9 (Line Drive, 9)
Bottom of the 9th over - 0 runs, 0 hits, 0 errors, 0 left on base; Reno 5 - Springfield 3
Friday, March 29th, 2019 - OOTP Baseball 18.8 Build 76